 Dungeon Crawl Stone Soup version 0.32-a0-779-g362cfcae2a (webtiles) character file.

Game seed: 3413217693659508785

5754 Drazool the Thaumaturge (level 10, -9/70 HPs)
             Began as a Mummy Ice Elementalist on Mar 19, 2024.
             Was an Initiate of Gozag.
             Killed from afar by an acid dragon (27 damage)
             ... with a splash of acid
             ... on level 9 of the Dungeon.
             The game lasted 00:32:34 (9312 turns).

Drazool the Thaumaturge (Mummy Ice Elementalist)    Turns: 9312, Time: 00:32:36

Health: -9/70      AC:  3    Str: 11    XL:     10   Next: 49%
Magic:  11/23      EV: 12    Int: 19    God:    Gozag
Gold:   120        SH:  0    Dex: 13    Spells: 15/27 levels left

rFire   . . .        m - +2 whip (flame)
rCold   + + .        (no shield)
rNeg    + + +        j - +2 leather armour {rC+}
rPois   ∞            (no helmet)
rElec   .            (no cloak)
rCorr   .            k - +1 pair of gloves
SInv    .            (no boots)
Will    +....        (no amulet)
Stlth   ++           F - ring of protection from fire
HPRegen 0.31/turn    L - ring of flight
MPRegen 0.18/turn

%: faith
@: corroded, gold aura, freezing walls, flying, very slightly contaminated,
studying 2 skills
A: cold resistance 1, negative energy resistance 3, torment resistance 2, heat
vulnerability 1, in touch with death 1, no potions, faith
a: Renounce Religion, Potion Petition, Call Merchant, Bribe Branch


You were on level 9 of the Dungeon.
You worshipped Gozag.
Gozag was aware of your devotion.
You visited 2 branches of the dungeon, and saw 10 of its levels.

You collected 710 gold pieces.
You paid 590 gold pieces to Gozag.


Innate Abilities, Weirdness & Mutations

You are immune to poison.
Your flesh is cold resistant. (rC+)
You are immune to negative energy. (rN+++)
You are immune to unholy pain and torment.
You are vulnerable to heat. (rF-)
You are in touch with the powers of death.
You do not drink.
You have a special connection with the divine. (Faith)


   Skills:
 - Level 3.0 Fighting
 - Level 6.0 Maces & Flails
 - Level 5.0 Dodging
 - Level 3.0 Stealth
 - Level 9.0 Spellcasting
 - Level 5.0 Summonings
 + Level 7.6 Ice Magic


You had 15 spell levels left.
You knew the following spells:

 Your Spells              Type           Power      Damage    Failure   Level
b - Summon Ice Beast      Ice/Summ       32%        N/A       2%          3
c - Call Imp              Summ           54%        N/A       1%          2
f - Freeze                Ice            100%       1d10      1%          1
o - Ozocubu's Armour      Ice            37%        N/A       1%          3
r - Frozen Ramparts       Ice            74%        1d12      1%          3

Your spell library contained the following spells:

 Spells                   Type           Power      Damage    Failure   Level
 Magic Dart               Conj           32%        1d4       11%         1
 Blink                    Tloc           16%        N/A       16%         2
 Lesser Beckoning         Tloc           16%        N/A       16%         2
 Gell's Gravitas          Tloc           8%         N/A       32%         3
 Teleport Other           Tloc           8%         N/A       32%         3

Inventory:

Hand Weapons
 m - a +2 whip of flaming (weapon)
 r - a +4 vampiric trident
Missiles
 o - 4 javelins
 s - 2 curare-tipped darts {=f}
Armour
 j - a +2 leather armour of cold resistance (worn)
 k - a +1 pair of gloves (worn)
 t - a +0 cloak
Magical Staves
 e - a staff of alchemy {!a}
Jewellery
 C - a ring of protection from cold
 F - a ring of protection from fire (left hand)
 L - a ring of flight (right hand)
Wands
 u - a wand of flame (10)
Scrolls
 a - a scroll of enchant armour {unknown}
 b - 3 scrolls of fear
 c - 4 scrolls of noise
 d - a scroll of vulnerability
 f - 2 scrolls of fog
 g - a scroll of teleportation {@r2}
 h - a scroll of amnesia {unknown}
 i - 2 scrolls of enchant weapon
 l - a scroll of blinking {unknown}
 p - a scroll of immolation
 q - 3 scrolls of poison

Dungeon Overview and Level Annotations

Branches:
Dungeon (9/15)             Temple (1/1) D:7
   Lair: D:8-11         Orc: D:9-12

Altars:
Ashenzari
Cheibriados
Dithmenos
Fedhas
Gozag
Hepliaklqana
Kikubaaqudgha
Makhleb
Nemelex Xobeh
Okawaru
Qazlal
Ru
Sif Muna
Trog
Uskayaw
Vehumet
Wu Jian
Xom
Yredelemnul

Annotations:
D:6 1 runed translucent door, Crazy Yiuf
D:8 1 runed translucent door, Astinus's ghost, novice CoGl

..##.....#####
.............####
.................
.........######..
....<..<##
........#
........##
.......F.##
....###D@.## #..#
##...## #..
##Y..## #.
##...## #
##$..#####.##
##..........
##......... #.
#........[ #.
##......###


You could see an acid dragon (catching breath, ally target), a bullfrog and a
friendly ice beast (summoned).


Message History

Nothing appears to happen.
The bullfrog gives a loud, deep croak!
The acid dragon bites you!
* * * LOW HITPOINT WARNING * * *
The acid dragon claws you.
* * * LOW HITPOINT WARNING * * *
Unknown command.
Casting: Frozen Ramparts (safe; 1% risk of failure)
Confirm with . or Enter, or press ? or * to list all spells.
Casting: Frozen Ramparts (safe; 1% risk of failure)
Press: ? - help, Dir - look around, f - activate The walls around you are covered in ice.
The wall freezes the acid dragon but does no damage.
The acid dragon bites you.
* * * LOW HITPOINT WARNING * * *
The acid dragon claws you but does no damage.
Unknown command.
Casting: Frozen Ramparts (safe; 1% risk of failure)
Confirm with . or Enter, or press ? or * to list all spells.
A chill wind blows around you.
The wall freezes the acid dragon!
The acid dragon barely misses you. The acid dragon closely misses you.
Unknown command.
Unknown command.
You hit the acid dragon. You burn the acid dragon.
The acid dragon is heavily wounded.
The wall freezes the bullfrog!
The wall freezes the acid dragon.
The acid dragon spits acid at you. The splash of acid hits you!!
You die...
Your body crumbles into a pile of gold.

Skill      XL: |  1  2  3  4  5  6  7  8  9 10 |
---------------+-------------------------------+-----
Spellcasting   | 3 4 5 7 8 9 |  9.0
Ice Magic      | 4 5 7 |  7.6
Summonings     | 2 3 5 |  5.0
Fighting       | 3 |  3.0
Stealth        | 3 |  3.0
Dodging        | 2 4 5 |  5.0
Maces & Flails | 3 4 6 |  6.0

Action                     |  1- 3 |  4- 6 |  7- 9 | 10-12 || total
---------------------------+-------+-------+-------+-------++-------
  Melee: Unarmed           |     9 |    14 |    47 |       ||    70
         Punch             |       |     1 |     1 |       ||     2
         Whip              |       |       |    83 |    33 ||   116
  Throw: Javelin           |       |       |     3 |       ||     3
         Dart              |       |       |     2 |     2 ||     4
   Cast: Freeze            |    68 |    36 |     5 |       ||   109
         Frozen Ramparts   |     2 |    13 |    40 |    15 ||    70
         Summon Ice Beast  |       |     2 |    61 |    14 ||    77
         Ozocubu's Armour  |       |     1 |     3 |     3 ||     7
         Call Imp          |       |       |     5 |       ||     5
 Invoke: Potion Petition   |       |       |       |     1 ||     1
  Evoke: Wand              |       |       |       |     1 ||     1
    Use: Scroll            |     2 |     1 |     5 |     1 ||     9
   Stab: Distracted        |       |       |       |     1 ||     1
 Armour: Robe              |    33 |    10 |       |       ||    43
         Leather armour    |       |    17 |   113 |    38 ||   168
  Dodge: Dodged            |    37 |    20 |    66 |    26 ||   149

Levels and vault maps discovered:
D:1:      saegor_arrival_simple_b, layout_basic,
          hellmonk_ecumenical_altar_inner_sanctum
D:2:      layout_basic
D:3:      layout_loops_ring, mainiacjoe_overflow_divided_tiny,
          wander_ebering_terrifying_dragon_lair
D:4:      layout_rooms, minmay_manual_monolith
D:5:      layout_loops_corners, nicolae_overflow_crystal_walls, uniq_pikel
D:6:      layout_rooms, mainiacjoe_overflow_large_starburst,
          gammafunk_temple_overflow_pools, uniq_crazy_yiuf_cottage
D:7:      layout_loops_ring, minmay_temple_entry_grid, uniq_jeremiah,
          uniq_maurice
D:8:      layout_cave_pools, hellmonk_ghost_happy_afterlife, minmay_manual_mess
D:9:      minmay_cut_squares, layout_layer_cave, kennysheep_generic_room_13,
          uniq_gastronok, uniq_erica
Temple:   hellmonk_temple_of_storms

Notes
Turn   | Place    | Note
-------+----------+-------------------------------------------
     0 | D:1      | Drazool the Mummy Ice Elementalist began the quest for the
                  | Orb.
     0 | D:1      | Reached XP level 1. HP: 13/13 MP: 4/4
    51 | D:1      | Reached skill level 3 in Spellcasting
   197 | D:1      | Reached XP level 2. HP: 18/19 MP: 1/6
   418 | D:1      | Reached skill level 4 in Spellcasting
   706 | D:1      | Found a faded altar of an unknown god.
   947 | D:2      | Reached XP level 3. HP: 23/24 MP: 3/9
  1002 | D:2      | Learned a level 3 spell: Frozen Ramparts
  1511 | D:2      | Reached skill level 5 in Spellcasting
  1842 | D:3      | Reached XP level 4. HP: 21/30 MP: 3/11
  2027 | D:3      | Reached skill level 4 in Ice Magic
  2040 | D:3      | Reached XP level 5. HP: 28/35 MP: 6/12
  2177 | D:3      | Found a hazy altar of Hepliaklqana.
  2178 | D:3      | Found a burning altar of Makhleb.
  2585 | D:3      | Learned a level 3 spell: Ozocubu's Armour
  2824 | D:3      | Learned a level 3 spell: Summon Ice Beast
  2872 | D:4      | Reached skill level 5 in Ice Magic
  3038 | D:4      | Reached skill level 1 in Summonings
  3062 | D:4      | Noticed an orc warrior
  3069 | D:4      | Killed an orc warrior
  3070 | D:4      | Reached skill level 2 in Summonings
  3070 | D:4      | Reached XP level 6. HP: 41/41 MP: 3/13
  3172 | D:4      | Reached skill level 3 in Summonings
  3399 | D:4      | Reached XP level 7. HP: 46/46 MP: 10/14
  3548 | D:4      | Reached skill level 4 in Summonings
  3957 | D:5      | Entered Level 5 of the Dungeon
  4148 | D:5      | Found a basalt altar of Yredelemnul.
  4151 | D:5      | Noticed Pikel
  4180 | D:5      | Killed Pikel
  4181 | D:5      | Reached skill level 5 in Summonings
  4181 | D:5      | Reached skill level 3 in Fighting
  4181 | D:5      | Reached skill level 3 in Stealth
  4181 | D:5      | Reached skill level 2 in Dodging
  4181 | D:5      | Reached XP level 8. HP: 41/58 MP: 0/15
  4347 | D:5      | Reached skill level 3 in Dodging
  4433 | D:5      | Reached skill level 4 in Dodging
  4501 | D:5      | Reached skill level 6 in Spellcasting
  4831 | D:5      | Reached skill level 7 in Spellcasting
  5064 | D:5      | Reached skill level 1 in Maces & Flails
  5235 | D:6      | Reached skill level 2 in Maces & Flails
  5388 | D:6      | Reached skill level 3 in Maces & Flails
  5388 | D:6      | Reached XP level 9. HP: 48/63 MP: 11/19
  5446 | D:6      | Found a shimmering altar of Xom.
  5457 | D:6      | Found a sparkling altar of Nemelex Xobeh.
  5507 | D:6      | Found a runed translucent door.
  5508 | D:6      | Noticed Crazy Yiuf
  5869 | D:6      | Found a stormy altar of Qazlal.
  5869 | D:6      | Found a hide-covered altar of Uskayaw.
  6014 | D:7      | Reached skill level 4 in Maces & Flails
  6070 | D:7      | Noticed Jeremiah
  6084 | D:7      | Killed Jeremiah
  6311 | D:7      | Reached skill level 6 in Ice Magic
  6500 | D:7      | Noticed a skeletal warrior
  6526 | D:7      | Noticed a skeletal warrior
  6528 | D:7      | Noticed a skeletal warrior
  7015 | D:7      | Learned a level 2 spell: Call Imp
  7275 | D:7      | Reached skill level 7 in Ice Magic
  7431 | D:7      | Noticed Maurice
  7497 | D:7      | Killed Maurice
  7498 | D:7      | Reached skill level 5 in Dodging
  7575 | D:7      | Found a staircase to the Ecumenical Temple.
  7579 | Temple   | Entered the Ecumenical Temple
  7589 | Temple   | Became a worshipper of Gozag Ym Sagoz the Greedy
  7597 | D:7      | Noticed a skeletal warrior
  7743 | D:8      | Noticed Astinus's ghost (novice CoGl)
  7778 | D:8      | Reached skill level 8 in Spellcasting
  7940 | D:8      | Reached XP level 10. HP: 70/70 MP: 20/22
  8062 | D:8      | Found a runed translucent door.
  8125 | D:8      | Reached skill level 9 in Spellcasting
  8353 | D:8      | Noticed a two-headed ogre
  8709 | D:8      | Reached skill level 5 in Maces & Flails
  8896 | D:8      | Noticed a gargoyle
  8923 | D:8      | Killed a gargoyle
  9029 | D:8      | Killed a two-headed ogre
  9030 | D:8      | Reached skill level 6 in Maces & Flails
  9312 | D:9      | Killed from afar by an acid dragon

Vanquished Creatures
  A two-headed ogre (D:8)
  Pikel (D:5)
  A yak (D:9)
  A steam dragon (D:8)
  A water moccasin (D:6)
  2 orc warriors (D:8)
  2 ice beasts
  A sky beast (D:8)
  A black bear (D:7)
  2 lemures (D:5)
  A centaur (D:8)
  2 bullfrogs
  A gnoll sergeant (D:7)
  7 scorpions
  A killer bee (D:8)
  2 howler monkeys (D:7)
  2 hounds
  2 bombardier beetles
  3 orc priests
  A gnoll bouda (D:7)
  8 orc wizards
  12 gnolls
  5 adders
  A shadow imp (D:7)
  2 ribbon worms
  11 orcs
  6 bats
  3 endoplasms
  7 giant cockroaches
  3 goblins
  5 hobgoblins
  5 jackals
  5 quokkas
  5 ball pythons
  6 frilled lizards
  4 kobolds
  4 rats
127 creatures vanquished.

Vanquished Creatures (collateral kills)
  Maurice (D:7)
  A gargoyle (D:8)
  Jeremiah (D:7)
  A steam dragon (D:8)
  2 sky beasts (D:8)
  3 black bears
  An orc warrior (D:4)
  2 phantoms
  2 bullfrogs
  A scorpion (D:4)
  3 hounds
  2 jellies
  An orc priest (D:8)
  A sleepcap (D:4)
  An orc wizard (D:8)
  6 gnolls (D:7)
  2 white imps
  2 ufetubi (D:7)
  6 orcs (D:6)
  A hobgoblin (D:4)
40 creatures vanquished.

Vanquished Creatures (others)
  A bullfrog (D:8)
1 creature vanquished.

Grand Total: 168 creatures vanquished

Table legend: (Time is in decaauts)
 A = Elapsed time spent in this place.
 B = Non-inter-level travel time spent in this place.
 C = Inter-level travel time spent in this place.
 D = Time resting spent in this place.
 E = Time spent auto-exploring this place.
 F = Levels seen in this place.
 G = Mean time per level.
                   A        B        C        D        E       F      G
               +--------+--------+--------+--------+--------+-----+--------+
         Total |   9289 |   9007 |    282 |   1639 |   5414 |  10 |  928.9 |
       Dungeon |   9271 |   8989 |    282 |   1639 |   5414 |   9 | 1030.1 |
        Temple |     17 |     17 |      0 |      0 |      0 |   1 |   17.0 |
               +--------+--------+--------+--------+--------+-----+--------+

Top non-repeatable levels by time:
     D:7: 1739 daAuts
     D:8: 1347 daAuts
     D:5: 1209 daAuts
     D:3: 1112 daAuts
     D:4: 1099 daAuts
     D:6: 947 daAuts
     D:1: 912 daAuts
     D:2: 831 daAuts
     D:9: 71 daAuts
  Temple: 17 daAuts

Table legend:
 A = Non-vault XP
 B = Vault XP
 C = Vault XP percentage of total XP
 D = Non-vault monster count
 E = Vault monster count
 F = Vault count percentage of total count
                 A         B        C        D         E       F
            +---------+---------+-------+---------+---------+-------
      Total |    4712 |    3508 |  42.7 |     148 |      18 |  10.8
            +---------+---------+-------+---------+---------+-------
        D:1 |      37 |       0 |   0.0 |      24 |       0 |   0.0
        D:2 |      45 |       0 |   0.0 |      11 |       0 |   0.0
        D:3 |     194 |       1 |   0.5 |      25 |       1 |   3.8
        D:4 |     450 |     268 |  37.3 |      12 |       7 |  36.8
        D:5 |     809 |     641 |  44.2 |      11 |       1 |   8.3
        D:6 |     690 |       0 |   0.0 |      17 |       0 |   0.0
        D:7 |     922 |     932 |  50.3 |      26 |       2 |   7.1
        D:8 |    1359 |    1666 |  55.1 |      21 |       7 |  25.0
        D:9 |     206 |       0 |   0.0 |       1 |       0 |   0.0
            +---------+---------+-------+---------+---------+-------
